 Dungeon Crawl Stone Soup version 0.29.0-13-gc9e81de378 (webtiles) character file.

Game seed: 420752982451729238

165 Ofeo the Digger (level 6, -6/45 HPs)
             Began as a Meteoran Earth Elementalist on Sept 10, 2022.
             Mangled by Menkaure (17 damage)
             ... on level 5 of the Dungeon.
             The game lasted 00:04:11 (406 turns).

Ofeo the Digger (Meteoran Earth Elementalist)        Turns: 406, Time: 00:04:11

Health: -6/45      AC:  2    Str:  9    XL:     6   Next: 4%
Magic:  10/12      EV: 13    Int: 19    God:
Gold:   22         SH:  0    Dex: 15    Spells: 6/12 levels left

rFire   . . .      SeeInvis +   (no weapon)
rCold   . . .      Faith    .   (no shield)
rNeg    . . .      Spirit   .   a - +0 robe
rPois   .          Reflect  .   (no helmet)
rElec   .          Harm     .   (no cloak)
rCorr   .          Rampage  .   (no gloves)
Will    .....                   (no boots)
Stlth   +.........              (no amulet)
HPRegen 0.15/turn               c - ring of see invisible
MPRegen 0.13/turn               (no ring)

@: about to teleport, glowing
A: sense surroundings 1, otherworldly, glowing, explore regen
a: no special abilities


You were on level 5 of the Dungeon.
You visited 1 branch of the dungeon, and saw 6 of its levels.

You collected 22 gold pieces.

Inventory:

Missiles
 d - a throwing net
 i - 6 curare-tipped darts
Armour
 a - a +0 robe (worn)
Jewellery
 c - a ring of see invisible (left hand)
Wands
 f - a wand of iceblast (11) {@v4}
Scrolls
 e - a scroll of magic mapping
 h - a scroll of identify {unknown}
Potions
 b - a potion of magic


   Skills:
 + Level 3.6 Dodging
 + Level 2.3 Stealth
 + Level 3.8 Spellcasting
 + Level 2.9 Transmutations
 + Level 4.5 Earth Magic


You had 6 spell levels left.
You knew the following spells:

 Your Spells              Type           Power      Damage    Failure   Level
a - Sandblast             Erth           40%        2d10      2%          1
b - Passwall              Tmut/Erth      14%        N/A       4%          2
c - Stone Arrow           Conj/Erth      24%        3d8       17%         3

Your spell library contained the following spells:

 Spells                   Type           Power      Damage    Failure   Level
 Petrify                  Tmut/Erth      17%        N/A       30%         4


Dungeon Overview and Level Annotations

Branches:
Dungeon (6/15) Zot: 3190
 Temple: D:4-7

Altars:

Annotations:
D:5 Menkaure


Innate Abilities, Weirdness & Mutations

You passively map a small area around you.
You are easily found by Zot.
You glow in the dark.
You regain HP and MP as you explore.


Message History

You feel sick.
You take 1 damage, and have 4/45 hp.
* * * LOW HITPOINT WARNING * * *
You feel sick.
You take 1 damage, and have 3/45 hp.
* * * LOW HITPOINT WARNING * * *
You feel sick.
You take 1 damage, and have 2/45 hp.
Found a bubbling yellow potion.
You feel sick.
You are no longer poisoned.
You regained 3 hp, and now have 5/45 hp.
The black bear growls angrily.
You regained 4 hp, and now have 9/45 hp.
You feel a little less mighty now.
You regained 3 hp, and now have 12/45 hp.
You regained 4 hp, and now have 16/45 hp.
MP restored: 12
Found 2 potions of might.
Menkaure, Prince of Dust comes into view.
Menkaure shouts!
Menkaure gestures wildly while chanting.
Menkaure seems to speed up.
Casting: Sandblast (safe; 2% risk of failure)
Confirm with . or Enter, or press ? or * to list all spells.
Aiming: Passwall (safe; 4% risk of failure)
Press: ? - help, Dir - move target A rock wall.
This rock feels extremely deep.
Menkaure calls on the powers of darkness!
Your body is wracked with pain!
* * * LOW HITPOINT WARNING * * *
The black bear convulses!
You take 9 damage, and have 11/45 hp.
You now have 10/12 mp.
Unknown command.
Okay, then.
Okay, then.
As you read the scroll labelled TACHOY SAECH, it crumbles to dust.
You feel strangely unstable.
It was a scroll of teleportation.
Menkaure hits you!
You die...

### , , ,..# ,
#.# * #!# * , *
#M# #@# .. ##*
#h# .. .....# #.#
.. ..#.# #.#
##.#,#...# #.#
#...##.#.# #.#
##!.#.#...# #.#
....#.....#####.#
*#...#.........#


You could see a black bear and Menkaure (fast).

Vanquished Creatures
  A scorpion (D:5)
  8 gnolls
  An ufetubus (D:4)
  A dart slug (D:4)
  A bat (D:1)
  An endoplasm (D:1)
  A giant cockroach (D:4)
  2 goblins (D:4)
  2 hobgoblins
  2 jackals (D:4)
  A quokka (D:1)
  2 rats
23 creatures vanquished.

Vanquished Creatures (others)
  4 plants (D:5)
4 creatures vanquished.

Grand Total: 27 creatures vanquished

Notes
Turn   | Place    | Note
-------+----------+-------------------------------------------
     0 | D:1      | Ofeo the Meteoran Earth Elementalist began the quest for
                  | the Orb.
     0 | D:1      | Reached XP level 1. HP: 14/14 MP: 5/5
    69 | D:1      | Reached XP level 2. HP: 20/20 MP: 4/6
    87 | D:2      | Learned a level 2 spell: Passwall
   138 | D:2      | Reached XP level 3. HP: 26/26 MP: 5/8
   143 | D:2      | Reached skill level 4 in Earth Magic
   166 | D:2      | Reached XP level 4. HP: 28/33 MP: 0/9
   206 | D:3      | Learned a level 3 spell: Stone Arrow
   276 | D:4      | Reached XP level 5. HP: 18/38 MP: 4/11
   361 | D:5      | Entered Level 5 of the Dungeon
   372 | D:5      | Noticed a black bear
   383 | D:5      | Reached XP level 6. HP: 6/45 MP: 7/12
   387 | D:5      | HP: 2/45 [poisoned by a scorpion]
   401 | D:5      | Noticed Menkaure
   406 | D:5      | Mangled by Menkaure

Illustrated notes

Levels and vault maps discovered:
D:1:      amcnicky_arrival_underground_garden, layout_rooms, serial_shops, shop,
          minivault_11
D:2:      layout_basic, serial_shops, nicolae_shop_trees
D:3:      layout_loops_ring, lemuel_coloured_pillars_altar, minmay_box_of_dots
D:4:      layout_loops_ring, uniq_grinder
D:5:      layout_loops_ring, nicolae_elyvilon_temple_path,
          nicolae_overflow_hidden_temple, ebering_ghost_rock_garden,
          uniq_menkaure
D:6:      layout_basic, lemuel_tele_altar, nicolae_dithmenos_the_darkroom,
          minmay_temple_entry_arrows, kennysheep_generic_room_12,
          uniq_blork_the_orc, uniq_duvessa

Skill      XL: |  1  2  3  4 |
---------------+-------------+-----
Spellcasting   | 3 |  3.8
Transmutations | 2 |  2.9
Earth Magic    | 4 |  4.5
Dodging        | 3 |  3.6
Stealth        | 2 |  2.3

Action                   |  1- 3 |  4- 6 || total
-------------------------+-------+-------++-------
Melee: Unarmed           |     1 |       ||     1
 Cast: Sandblast         |    18 |    27 ||    45
       Passwall          |     2 |     7 ||     9
  Use: Scroll            |       |     2 ||     2
       Potion            |       |     2 ||     2
Armor: Robe              |     2 |     3 ||     5
Dodge: Dodged            |     8 |    10 ||    18
